 Dungeon Crawl Stone Soup version 0.22.0-21-g8bd1b0a76a (webtiles) character file.

346 Kirk the Conjurer (level 6, 41/41 HPs)
             Began as a Demonspawn Wizard on Aug 19, 2018.
             Quit the game on level 4 of the Dungeon.
             The game lasted 00:08:03 (2739 turns).

Kirk the Conjurer (Demonspawn Wizard)               Turns: 2739, Time: 00:08:04

Health: 41/41      AC:  3    Str: 10    XL:     6   Next: 32%
Magic:  8/12       EV: 12    Int: 21    God:
Gold:   167        SH:  0    Dex: 12    Spells: 5/14 levels left

rFire    . . .     SeeInvis .   r - +2 dagger (venom)
rCold    . . .     Gourm    .   (no shield)
rNeg     . . .     Faith    .   a - +0 robe
rPois    .         Spirit   .   b - +1 hat
rElec    .         Reflect  .   (no cloak)
rCorr    .         Harm     .   (no gloves)
MR       +....                  (no boots)
Stlth    ++........             (no amulet)
HPRegen  0.13/turn              c - ring of protection from magic
MPRegen  0.13/turn              j - +3 ring of strength

@: very slightly contaminated
A: hooves 1, powered by death 1, rot immunity
a: no special abilities


You were on level 4 of the Dungeon.
You were not hungry.

You visited 1 branch of the dungeon, and saw 4 of its levels.

You collected 167 gold pieces.

Inventory:

Hand Weapons
 r - a +2 dagger of venom (weapon)
Armour
 a - a +0 robe (worn)
 b - a +1 hat (worn)
Jewellery
 c - a ring of protection from magic (left hand)
 j - a +3 ring of strength (right hand)
Wands
 f - a wand of random effects (11)
Scrolls
 m - a scroll of blinking
 q - 2 scrolls of immolation
Potions
 g - a potion of flight
 h - 2 potions of lignification
 i - 6 potions of curing
 k - a potion of agility
 p - a potion of heal wounds {unknown}
Comestibles
 d - 8 rations


   Skills:
 + Level 1.2 Short Blades
 - Level 1.7 Dodging
 - Level 1.7 Stealth
 + Level 4.6 Spellcasting
 * Level 4.7 Conjurations
   Level 1.0 Summonings
 + Level 0.8 Translocations
 - Level 0.1 Air Magic
 - Level 0.2 Evocations


You had 5 spell levels left.
You knew the following spells:

 Your Spells              Type           Power        Failure   Level  Hunger
a - Magic Dart            Conj           ####         1%          1    None
b - Blink                 Tloc           N/A          12%         2    #......
c - Conjure Flame         Conj/Fire      ##......     13%         3    ##.....
d - Mephitic Cloud        Conj/Pois/Air  ##......     17%         3    ##.....

Your spell library contained the following spells:

 Spells                   Type           Power        Failure   Level  Hunger
 Call Imp                 Summ           #.......     11%         2    #......
 Slow                     Hex            #.......     17%         2    #......


Dungeon Overview and Level Annotations

Branches:
Dungeon (4/15)
 Temple: D:4-7

Altars:
Cheibriados
Okawaru
Yredelemnul
The Shining One


Innate Abilities, Weirdness & Mutations

You have large cloven feet.
You regenerate a little health from kills.
You are immune to rotting.


Message History

As you read the scroll labeled JELYXU LITWISU, it crumbles to dust.
You feel strangely unstable.
It was a scroll of teleportation.
As you read the scroll labeled DIPNAI WEHYM, it crumbles to dust.
You feel blessed for a moment.
It was a scroll of remove curse.
Your surroundings suddenly seem different.
You open the door.
Found 30 stones.
Found an escape hatch in the ceiling.
HP restored.
There is an open door here.
You open the door.
An orc wizard comes into view. It is wielding a dagger.
There is an open door here.
An orc wizard is nearby!
Casting: Magic Dart (safe; 1% risk of failure)
Confirm with . or Enter, or press ? or * to list all spells.
Okay, then.
Saving game... please wait.
Welcome back, Kirk the Demonspawn Wizard.
Press ? for a list of commands and other information.
Are you sure you want to abandon this character and quit the game? (Confirm with "yes".)

##+# ##...##
##.....##
##.......## # .
#........@##.#...o
+.........'.......
#....(....##.#....
#.......## .. .
##.....## ## ....
##<..## ... ##'##
... #.# ... #.#


There were no monsters in sight!

Vanquished Creatures
  An orc warrior (D:3)
  A howler monkey (D:4)
  2 orc priests (D:3)
  An orc wizard (D:3)
  A hound skeleton (D:4)
  4 adders
  2 worms
  3 dart slugs
  2 leopard geckos
  4 orcs (D:3)
  8 bats
  A giant cockroach (D:3)
  9 hobgoblins
  3 jackals (D:2)
  11 kobolds
  4 frilled lizards
  5 goblins
  A leopard gecko skeleton (D:4)
  10 rats
73 creatures vanquished.

Notes
Turn   | Place    | Note
-------+----------+-------------------------------------------
     0 | D:1      | Kirk the Demonspawn Wizard began the quest for the Orb.
     0 | D:1      | Reached XP level 1. HP: 13/13 MP: 4/4
   140 | D:1      | Gained mutation: You regenerate a little health from kills. [demonic ancestry]
   140 | D:1      | Reached XP level 2. HP: 19/19 MP: 0/6
   239 | D:1      | You fall through a shaft!
   423 | D:1      | Gained mutation: You have large cloven feet. [demonic ancestry]
   423 | D:1      | Reached XP level 3. HP: 24/24 MP: 2/8
   527 | D:1      | Learned a level 2 spell: Blink
   531 | D:1      | Learned a level 3 spell: Conjure Flame
   535 | D:1      | Learned a level 3 spell: Mephitic Cloud
  1144 | D:2      | Gained mutation: You are immune to rotting. [demonic ancestry]
  1144 | D:2      | Reached XP level 4. HP: 19/30 MP: 1/10
  1862 | D:3      | Found a snail-covered altar of Cheibriados.
  1864 | D:3      | Found an iron altar of Okawaru.
  1876 | D:3      | Found a basalt altar of Yredelemnul.
  2059 | D:3      | Reached XP level 5. HP: 29/35 MP: 9/11
  2140 | D:3      | Found a glowing golden altar of the Shining One.
  2369 | D:3      | Noticed an orc warrior
  2430 | D:3      | Killed an orc warrior
  2430 | D:3      | Reached skill level 1 in Short Blades
  2430 | D:3      | Reached XP level 6. HP: 40/41 MP: 1/12
  2739 | D:4      | Quit the game

Skill      XL: |  1  2  3  4  5 |
---------------+----------------+-----
Conjurations   | 2 3 4 |  4.7
Spellcasting   | 4 |  4.6
Short Blades   | 1 |  1.2
Dodging        | |  1.7
Stealth        | |  1.7
Summonings     | |  1.0
Translocations | |  0.8
Air Magic      | |  0.1
Evocations     | |  0.2

Action                   |  1- 3 |  4- 6 || total
-------------------------+-------+-------++-------
Melee: Unarmed           |     3 |       ||     3
       Dagger            |    42 |    40 ||    82
       Kick              |     6 |    11 ||    17
 Cast: Magic Dart        |    61 |    73 ||   134
       Mephitic Cloud    |       |     2 ||     2
       Conjure Flame     |       |     1 ||     1
Evoke: Wand              |       |     8 ||     8
  Use: Scroll            |       |    10 ||    10
 Stab: Sleeping          |     3 |     2 ||     5
  Eat: Chunk             |       |     6 ||     6
Armor: Robe              |    13 |     4 ||    17
Dodge: Dodged            |    22 |    21 ||    43
